 Dungeon Crawl Stone Soup version 0.21.1-1-g345015fe64 (webtiles) character file.

1192 Lavandula the Insei (level 8, -8/52 HPs)
             Began as a Barachi Earth Elementalist on July 7, 2018.
             Was a Follower of Cheibriados.
             Shot with an arrow by a centaur (10 damage)
             ... on level 8 of the Dungeon.
             The game lasted 00:17:06 (2674 turns).

Lavandula the Insei (Barachi Earth Elementalist)    Turns: 2674, Time: 00:17:06

Health: -8/52      AC:  8    Str: 13    XL:     8   Next: 43%
Magic:  16/16      EV: 12    Int: 21    God:    Cheibriados [*.....]
Gold:   279        SH:  0    Dex: 21    Spells: 2/18 levels left

rFire    . . .     SeeInvis .   w - +0 quarterstaff
rCold    . . .     Gourm    .   (shield currently unavailable)
rNeg     . . .     Faith    .   i - +3 leather armour
rPois    .         Spirit   .   A - +0 helmet
rElec    +         Reflect  .   (no cloak)
rCorr    .         Harm     +   (no gloves)
MR       +....                  (no boots)
Stlth    ++........             I - amulet of harm
HPRegen  0.17/turn              D - ring of protection from magic
MPRegen  0.15/turn              y - +6 ring of dexterity

@: very slow
A: +LOS, swims, shaggy fur 1, electricity resistance, slowness 1, strong legs 1
a: Hop, Bend Time, Renounce Religion


You were on level 8 of the Dungeon.
You worshipped Cheibriados.
Cheibriados was aware of your devotion.
You were hungry.

You visited 2 branches of the dungeon, and saw 9 of its levels.

You collected 279 gold pieces.

Inventory:

Hand Weapons
 l - a +0 dagger
 w - a +0 quarterstaff (weapon)
Missiles
 b - 28 stones (quivered)
Armour
 a - a +0 leather armour
 c - a +0 robe
 h - a +0 scale mail
 i - a +3 leather armour (worn)
 p - a +0 hat
 A - a +0 helmet (worn)
Jewellery
 v - an uncursed ring of positive energy
 y - a +6 ring of dexterity (right hand)
 D - a ring of protection from magic (left hand)
 I - an amulet of harm (around neck)
Wands
 z - a wand of flame (14)
 C - a wand of polymorph (18)
 H - a wand of scattershot (5)
Scrolls
 f - 2 scrolls of magic mapping
 g - 2 scrolls of remove curse
 k - a scroll of enchant armour {unknown}
 o - a scroll of blinking {unknown}
 q - 3 scrolls of teleportation
 E - a scroll of amnesia
 F - a scroll of fog {unknown}
 G - a scroll of fear {unknown}
Potions
 m - a potion of flight {unknown}
 n - a potion of magic {unknown}
 r - 4 potions of curing
 t - a potion of heal wounds
 u - a potion of ambrosia {unknown}
 x - a potion of cancellation {unknown}
Books
 e - a book of Geomancy

   Spells                             Type                      Level
   a - Sandblast                      Earth                        1
   b - Passwall                       Transmutation/Earth          2
   c - Stone Arrow                    Conjuration/Earth            3
   d - Petrify                        Transmutation/Earth          4
   e - Lee's Rapid Deconstruction     Earth                        5
 j - a book of Misfortune

   Spells                             Type                      Level
   a - Confusing Touch                Hexes                        1
   b - Confuse                        Hexes                        3
   c - Gell's Gravitas                Translocation                3
   d - Petrify                        Transmutation/Earth          4
   e - Metabolic Englaciation         Hexes/Ice                    5
   f - Yara's Violent Unravelling     Hexes/Transmutation          5
 s - a book of Changes

   Spells                             Type                      Level
   a - Beastly Appendage              Transmutation                1
   b - Sticks to Snakes               Transmutation                2
   c - Spider Form                    Transmutation/Poison         3
   d - Ice Form                       Ice/Transmutation            4
   e - Blade Hands                    Transmutation                5
Comestibles
 d - 7 rations


   Skills:
 - Level 2.1 Dodging
 - Level 1.7 Stealth
 + Level 7.3 Unarmed Combat
 - Level 5.8 Spellcasting
 - Level 3.8 Transmutations
 - Level 4.0 Earth Magic


You had 2 spell levels left.
You knew the following spells:

 Your Spells              Type           Power        Failure   Level  Hunger
a - Sandblast             Erth           ###...       2%          1    None
b - Stone Arrow           Conj/Erth      ##....       16%         3    ##.....
c - Petrify               Tmut/Erth      ###.....     24%         4    ####...
d - Lee's Rapid Deconstr  Erth           ###.......   54%         5    #####..
e - Spider Form           Tmut/Pois      ##........   17%         3    ##.....


Dungeon Overview and Level Annotations

Branches:
Dungeon (8/15)             Temple (1/1) D:5
   Lair: D:8-11

Altars:
Cheibriados
Fedhas
Kikubaaqudgha
Makhleb
Nemelex Xobeh
Okawaru
Ru
Trog
Wu Jian
Zin
The Shining One

Annotations:
D:7 JarielCorvus's ghost, novice MiBe


Innate Abilities, Weirdness & Mutations

Shadows flee at your approach. (+LOS)
You can swim through water.
You cover ground slowly.
You can hop short distances.
You are covered in fur. (AC +1)
You are resistant to electric shocks. (rElec)


Message History

As you read the scroll of identify, it crumbles to dust.
B - a potion of mutation You feel extremely strange.
Fur sprouts all over your body.
You feel insulated.
Unknown command.
Found a robe.
A centaur comes into view.
A centaur is nearby!
The centaur shouts!
The centaur wields a shortbow.
The centaur shoots an arrow.
The arrow hits you.
The centaur shoots an arrow.
The arrow hits you!
Found 17 gold pieces.
You see here an arrow.
Unknown command.
The centaur shoots an arrow.
The arrow hits you!
* * * LOW HITPOINT WARNING * * *
The centaur shoots an arrow.
The arrow hits you!
* * * LOW HITPOINT WARNING * * *
The centaur shoots an arrow.
The arrow hits you!
You die...

######### ####
#.......# ...#
#.......# ...#
#.......## !..#
#........####...### ###
#.......>..(@....[#
..#######.#######...#.#
#..######.# ..c#
##........# ..$#
#########.# ...# # #...
...# ##### #.### .###
...... ..# .# ######
#.. .#


You could see a centaur.

Vanquished Creatures
  Edmund (D:6)
  2 phantoms
  An ice beast (D:5)
  A centaur (D:6)
  A bullfrog (D:6)
  A scorpion (D:6)
  A vampire bat (D:2)
  2 howler monkeys (D:7)
  2 crimson imps
  An orc wizard (D:5)
  An orc priest (D:5)
  A hound (D:5)
  A jelly (D:6)
  2 iguanas
  3 worker ants
  A hound zombie (D:6)
  A howler monkey zombie (D:5)
  7 adders
  2 shadow imps
  An ooze (D:6)
  3 adder skeletons
  An adder zombie (D:5)
  2 worms (D:3)
  4 leopard geckos
  17 orcs
  4 bats
  2 bat skeletons (D:2)
  3 bat zombies (D:2)
  2 giant cockroaches
  2 hobgoblins (D:1)
  3 kobolds
  A quokka (D:5)
  3 frilled lizards
  6 goblins
  A leopard gecko skeleton (D:6)
  3 rats
90 creatures vanquished.

Notes
Turn   | Place    | Note
-------+----------+-------------------------------------------
     0 | D:1      | Lavandula the Barachi Earth Elementalist began the quest for the Orb.
     0 | D:1      | Reached XP level 1. HP: 13/13 MP: 3/3
   235 | D:2      | Reached XP level 2. HP: 15/19 MP: 3/5
   395 | D:3      | Reached XP level 3. HP: 14/24 MP: 0/7
   562 | D:2      | Found an ancient bone altar of Kikubaaqudgha.
   564 | D:2      | Reached XP level 4. HP: 25/30 MP: 7/10
   657 | D:3      | Learned a level 3 spell: Stone Arrow
   662 | D:3      | Learned a level 4 spell: Petrify
   732 | D:3      | Reached XP level 5. HP: 30/35 MP: 0/11
  1030 | D:4      | Found a bloodstained altar of Trog.
  1093 | D:5      | Entered Level 5 of the Dungeon
  1104 | D:4      | Learned a level 5 spell: Lee's Rapid Deconstruction
  1326 | D:4      | Reached skill level 5 in Spellcasting
  1464 | D:5      | Reached XP level 6. HP: 38/41 MP: 6/14
  1492 | D:5      | Noticed an ice beast
  1492 | D:5      | Noticed a two-headed ogre
  1529 | D:5      | Found a staircase to the Ecumenical Temple.
  1535 | Temple   | Entered the Ecumenical Temple
  1593 | Temple   | Became a worshipper of Cheibriados the Contemplative
  1616 | Temple   | Learned a level 3 spell: Spider Form
  1638 | D:5      | Killed an ice beast
  1638 | D:5      | Reached skill level 2 in Unarmed Combat
  1745 | D:5      | Reached skill level 3 in Unarmed Combat
  1749 | D:5      | Reached XP level 7. HP: 36/46 MP: 9/15
  1792 | D:6      | Found a sparkling altar of Nemelex Xobeh.
  1792 | D:6      | Found an ornate altar of the Wu Jian Council.
  1806 | D:6      | Reached skill level 4 in Unarmed Combat
  1882 | D:6      | Noticed Edmund
  1894 | D:6      | Killed Edmund
  1894 | D:6      | Reached skill level 5 in Unarmed Combat
  1951 | D:6      | Reached * piety under Cheibriados
  2117 | D:7      | Noticed JarielCorvus's ghost (novice MiBe)
  2276 | D:6      | Reached XP level 8. HP: 12/52 MP: 12/16
  2294 | D:6      | Found a glowing golden altar of the Shining One.
  2298 | D:6      | Found a burning altar of Makhleb.
  2369 | D:7      | Reached skill level 6 in Unarmed Combat
  2521 | D:7      | Reached skill level 7 in Unarmed Combat
  2611 | D:8      | Found a glowing silver altar of Zin.
  2670 | D:8      | Gained mutation: You are covered in fur. (AC +1) [potion of mutation]
  2670 | D:8      | Gained mutation: You are resistant to electric shocks. (rElec) [potion of mutation]
  2674 | D:8      | HP: 2/52 [centaur/arrow (12)]
  2674 | D:8      | Shot with an arrow by a centaur

Skill      XL: |  1  2  3  4  5  6  7  8 |
---------------+-------------------------+-----
Spellcasting   | 3 4 5 |  5.8
Earth Magic    | 4 |  4.0
Unarmed Combat | 3 5 7 |  7.3
Transmutations | 3 |  3.8
Dodging        | |  2.1
Stealth        | |  1.7

Action                   |  1- 3 |  4- 6 |  7- 9 || total
-------------------------+-------+-------+-------++-------
Melee: Unarmed           |     9 |     7 |   120 ||   136
       Dagger            |     9 |    28 |       ||    37
       Quarterstaff      |       |    16 |       ||    16
 Cast: Sandblast         |    36 |    41 |     7 ||    84
       Stone Arrow       |       |    12 |     1 ||    13
       Spider Form       |       |     1 |    17 ||    18
       Petrify           |       |       |     1 ||     1
 Abil: Hop               |     1 |     2 |     2 ||     5
Evoke: Wand              |       |     3 |       ||     3
  Use: Scroll            |       |     2 |     5 ||     7
       Potion            |       |     1 |     2 ||     3
 Stab: Sleeping          |     1 |       |       ||     1
       Petrified         |       |       |     3 ||     3
  Eat: Chunk             |       |     4 |       ||     4
       Ration            |       |       |     1 ||     1
Armor: Robe              |    13 |    17 |     2 ||    32
       Skin              |       |     4 |     6 ||    10
       Leather armour    |       |       |     3 ||     3
Dodge: Dodged            |    39 |    65 |    98 ||   202
